 Dungeon Crawl Stone Soup version 0.24.1-4-ge52af88ad5 (webtiles) character file.

Game seed: 13056254204046384322, levelgen mode: deterministic

158 lepoulpe303 the Stinger (level 5, -5/42 HPs)
             Began as a Naga Venom Mage on Apr 18, 2020.
             Slain by orehx's ghost (9 damage)
             ... on level 3 of the Dungeon.
             The game lasted 00:18:23 (4235 turns).

lepoulpe303 the Stinger (Naga Venom Mage)           Turns: 4235, Time: 00:18:24

Health: -5/42      AC:  2    Str: 10    XL:     5   Next: 39%
Magic:  8/8        EV: 10    Int: 16    God:
Gold:   155        SH:  0    Dex: 12    Spells: 3/9 levels left

rFire    . . .     SeeInvis +   p - +0 short sword
rCold    . . .     Gourm    .   (no shield)
rNeg     . . .     Faith    .   a - +0 robe
rPois    +         Spirit   .   (no helmet)
rElec    .         Reflect  .   (no cloak)
rCorr    .         Harm     .   (no gloves)
MR       .....                  (no barding)
Stlth    ++........             (no amulet)
HPRegen  0.14/turn              (no ring)
MPRegen  0.11/turn              (no ring)

@: very slow
A: large, see invisible, deformed body, poison resistance, slowness 2, slow
metabolism 1, spit poison 1, AC +1
a: Spit Poison


You were on level 3 of the Dungeon.
You were not hungry.

You visited 1 branch of the dungeon, and saw 3 of its levels.

You collected 155 gold pieces.

Inventory:

Hand Weapons
 p - a +0 short sword (weapon)
Missiles
 h - 7 javelins
 v - 10 poisoned darts (quivered)
Armour
 a - a +0 robe (worn)
 o - a +0 buckler
Jewellery
 f - an uncursed amulet of harm {unknown}
 j - a cursed ring of teleportation {unknown}
Scrolls
 c - 2 scrolls of blinking {unknown}
 d - a scroll of random uselessness {unknown}
 g - 2 scrolls of immolation {unknown}
 k - a scroll of enchant armour {unknown}
 l - 2 scrolls of fear {unknown}
 q - a scroll of amnesia {unknown}
 t - 2 scrolls of teleportation
 w - 2 scrolls of remove curse
Potions
 b - 3 potions of flight {unknown}
 i - a potion of agility {unknown}
 m - 3 potions of curing {unknown}
 n - a potion of berserk rage {unknown}
 r - 2 potions of haste {unknown}
 s - a potion of brilliance {unknown}
Comestibles
 e - 8 rations


   Skills:
 + Level 0.3 Fighting
 + Level 0.1 Short Blades
 + Level 2.1 Dodging
 + Level 4.2 Stealth
 + Level 2.5 Spellcasting
 * Level 2.6 Conjurations
 + Level 0.7 Air Magic
 * Level 5.2 Poison Magic


You had 3 spell levels left.
You knew the following spells:

 Your Spells              Type           Power        Failure   Level  Hunger
a - Sting                 Conj/Pois      ##..         3%          1    #......
b - Poisonous Vapours     Pois/Air       ##....       9%          2    ##.....
x - Mephitic Cloud        Conj/Pois/Air  ##......     19%         3    ###....

Your spell library contained the following spells:

 Spells                   Type           Power        Failure   Level  Hunger
 Olgreb's Toxic Radiance  Pois           ###.....     22%         4    #####..
 Venom Bolt               Conj/Pois      ##........   71%         5    ######.


Dungeon Overview and Level Annotations

Branches:
Dungeon (3/15)

Altars:

Annotations:
D:3 orehx's ghost, amateur MiBe


Innate Abilities, Weirdness & Mutations

You cannot wear boots.
Your serpentine skin is tough. (AC +1)
You have supernaturally acute eyesight. (SInv)
Armour fits poorly on your strangely shaped body.
Your system is resistant to poisons. (rPois)
You cover ground very slowly.
You have a slow metabolism.
You can spit poison.


Message History

You take 1 damage, and have 16/42 hp.
The adder completely misses you.
Aim: an adder (almost dead)
The sting hits the adder.
The adder is poisoned.
You kill the adder!
You now have 7/8 mp.
Orehx's ghost completely misses you. Orehx's ghost hits you!
* * * LOW HITPOINT WARNING * * *
You take 7 damage, and have 10/42 hp.
Orehx's ghost wails, "I have seen your future, and it is all used up."
Orehx's ghost hits you!
* * * LOW HITPOINT WARNING * * *
You take 7 damage, and have 3/42 hp.
MP restored: 8 You hit orehx's ghost.
Orehx's ghost misses you.
You hit orehx's ghost. Orehx's ghost closely misses you.
Okay, then.
Orehx's ghost hits you!
You die...

....##.......#
#........##.#
....##.#.....#
##..###.####.#
....##.#.....###...#
#......#
.#####.#.......#.#.#
######## .#
#.#.......#.#.# .#
#.#....(..#.#.#
######.#.......#.#.#
.......#.......#.#.##
.......W#......#@#..#
......##########W##.#
.................##.#
.........##########.#
..........##.## #.#.#
........####..#
#.#.###########
........#
##.###.#.##........#
........#
#..##.#........##.#
........#
##.##.##...#....#.#


You could see orehx's ghost.

Levels and vault maps discovered:
D:1:      giann_bridges, layout_loops_ring, grunt_decor_fettered,
          wander_ebering_terrifying_dragon_lair
D:2:      lemuel_upstairs_altar, layout_basic, minmay_door_square,
          minmay_worlds_worst_comb
D:3:      layout_basic, ebering_ghost_sewer_d, serial_co_window_serial,
          co_window_corner_a, co_window_paths_b, co_window_corner_a,
          co_window_paths_a, co_window_paths_b, co_window_corner_cb,
          co_window_unsneaky_path_e, co_window_corner_b,
          co_window_of_opportunity_c, co_window_of_opportunity_b,
          co_window_cross_2, co_window_cross_2, glass_columns_a

Notes
Turn   | Place    | Note
-------+----------+-------------------------------------------
     0 | D:1      | lepoulpe303 the Naga Venom Mage began the quest for the
                  | Orb.
     0 | D:1      | Reached XP level 1. HP: 15/15 MP: 3/3
    18 | D:1      | Identified a +0 dagger
   439 | D:1      | Identified a +0 dagger
   451 | D:1      | Identified a +0 dagger
   462 | D:1      | Reached XP level 2. HP: 16/22 MP: 3/5
   466 | D:1      | Learned a level 2 spell: Poisonous Vapours
   731 | D:1      | Identified a +0 dagger
   784 | D:1      | Identified a +0 club
  1302 | D:2      | Reached XP level 3. HP: 26/28 MP: 6/6
  1319 | D:2      | Learned a level 3 spell: Mephitic Cloud
  1319 | D:2      | Identified 2 scrolls of remove curse
  1649 | D:2      | Reached skill level 2 in Conjurations
  1724 | D:2      | Identified a +0 buckler
  1741 | D:2      | Identified a +0 short sword
  1826 | D:2      | Reached XP level 4. HP: 35/36 MP: 3/7
  2213 | D:3      | Identified a +0 club
  2231 | D:3      | Reached skill level 2 in Dodging
  2451 | D:3      | Found a runed translucent door.
  2456 | D:3      | Noticed orehx's ghost (amateur MiBe)
  2501 | D:3      | Identified a +0 short sword
  2515 | D:3      | Identified a +0 dagger
  2515 | D:3      | Identified a +0 club
  3163 | D:3      | Identified a +0 falchion
  3163 | D:3      | Identified a +0 hunting sling
  3165 | D:3      | Reached skill level 5 in Poison Magic
  3305 | D:3      | Identified a +0 club
  3346 | D:3      | Reached skill level 4 in Stealth
  3346 | D:3      | Reached XP level 5. HP: 29/42 MP: 1/8
  3932 | D:3      | Identified a +0 short sword
  3999 | D:3      | Identified a +0 club
  4118 | D:3      | Identified 3 scrolls of teleportation
  4228 | D:3      | HP: 10/42 [orehx's ghost (7)]
  4231 | D:3      | HP: 3/42 [orehx's ghost (7)]
  4235 | D:3      | Slain by orehx's ghost

Table legend:
 A = Turns spent in this place as a percentage of turns spent in the entire game.
 B = Non-inter-level travel turns spent in this place as a percentage of non-inter-level travel turns spent in the entire game.
 C = Inter-level travel turns spent in this place as a percentage of turns spent in this place.
 D = Turns resting spent in this place as a percentage of non-inter-level travel turns spent in this place.
 E = Turns spent auto-exploring this place as a percentage of non-inter-level travel turns spent in this place.
 F = Non-inter-level travel turns spent in this place divided by the number of levels of this place that you've seen.
                   A       B       C       D       E      F
               +-------+-------+-------+-------+-------+----------------------
         Total | 100.0 | 100.0 |   2.8 |  31.6 |  52.7 | 1372.3
       Dungeon | 100.0 | 100.0 |   2.8 |  31.6 |  52.7 | 1372.3
               +-------+-------+-------+-------+-------+----------------------

Table legend:
 A = Kills in this place as a percentage of kills in entire the game.
 B = Kills by you in this place as a percentage of kills by you in the entire game.
 C = Kills by friends in this place as a percentage of kills by friends in the entire game.
 D = Other kills in this place as a percentage of other kills in the entire game.
 E = Experience gained in this place as a percentage of experience gained in the entire game.
 F = Experience gained in this place divided by the number of levels of this place that you have seen.
                   A       B       C       D       E      F
               +-------+-------+-------+-------+-------+----------------------
         Total | 100.0 | 100.0 |   N/A |   N/A | 100.0 |  75.3
       Dungeon | 100.0 | 100.0 |   N/A |   N/A | 100.0 |  75.3
               +-------+-------+-------+-------+-------+----------------------

Skill      XL: |  1  2  3  4 |
---------------+-------------+-----
Conjurations   | 2 |  2.6
Dodging        | 2 |  2.1
Poison Magic   | 5 |  5.2
Stealth        | 4 |  4.2
Fighting       | |  0.3
Short Blades   | |  0.1
Spellcasting   | |  2.5
Air Magic      | |  0.7

Action                   |  1- 3 |  4- 6 || total
-------------------------+-------+-------++-------
Melee: Unarmed           |    81 |       ||    81
       Short sword       |    11 |    62 ||    73
 Cast: Sting             |    37 |    47 ||    84
 Abil: Spit Poison       |       |     1 ||     1
  Use: Scroll            |     1 |     1 ||     2
 Stab: Sleeping          |     3 |     1 ||     4
  Eat: Chunk             |     2 |     7 ||     9
Armor: Robe              |    26 |    31 ||    57
Dodge: Dodged            |    60 |    72 ||   132

Vanquished Creatures
  9 adders
  2 oozes (D:3)
  2 dart slugs
  A leopard gecko (D:1)
  An orc (D:3)
  7 giant cockroaches
  12 goblins
  5 hobgoblins
  A quokka (D:3)
  7 bats
  6 frilled lizards
  5 kobolds
  5 rats
63 creatures vanquished.
